Map: Automaton LE

Players

Kel - Winner!

  • Race: Zerg Zerg
  • Spawn Location: 3:00

Sonix

  • Race: Zerg Zerg
  • Spawn Location: 9:00

Event: 2019 WCS Spring

VOD

Have the link to the VOD?

Description

Time

  • Played on: May 17, 2019, 7:05 a.m.
  • Length: 3:31

All games in this series

Show
View Real Time Build Order
Export as new Build Order

Kel Zerg - Winner!

Build Orders: 1 Base Baneling Bust, Pool Only 

Get SALT Encoding   

  12  0:01  Drone  
  13  0:09  Extractor  
  12  0:26  Spawning Pool  
  11  0:35  Drone  
  12  0:38  Drone  
  13  0:43  Drone  
  14  0:56  Overlord  
  14  1:17  Zergling x4  
  16  1:19  Zergling x2  
  16  1:20  Metabolic Boost  
  17  1:29  Zergling x2  
  18  1:35  Baneling Nest  
  17  1:40  Zergling x2  
  18  1:51  Zergling x2  
  19  2:02  Queen  
  21  2:15  Overlord  
  21  2:17  Zergling x2  
  21  2:21  Baneling  
  21  2:22  Baneling  
  22  2:25  Baneling  
  22  2:42  Baneling x2, Zergling x4  
  24  2:46  Zergling x2  
  22  3:06  Zergling x4  
Show
View Real Time Build Order
Export as new Build Order

Sonix Zerg 

Build Orders: 1 Base Baneling Bust, Pool Only 

Get SALT Encoding   

  12  0:19  Spawning Pool  
  11  0:25  Drone  
  12  0:38  Drone  
  12  0:41  Extractor  
  12  0:46  Overlord  
  12  0:47  Drone  
  13  1:06  Zergling x2  
  13  1:07  Zergling x2  
  13  1:11  Zergling x2  
  16  1:23  Drone  
  17  1:33  Zergling x2  
  17  1:34  Baneling Nest  
  17  1:35  Queen  
  19  1:47  Drone  
  20  1:56  Drone  
  18  2:16  Zergling x4  
  20  2:28  Zergling x2  
  21  2:47  Baneling  
  21  2:53  Baneling  
  19  3:05  Zergling x4  
Tags
 
Add a new tag
Caveats
  • Supply blocks, unpowered buildings, or Contaminate may cause inaccurate times.
  • Supply counts are checked every 10 seconds.